 Dungeon Crawl Stone Soup version 0.27-a0-1196-g3e9cee4cb2 (console) character file.

Game seed: 3568327295625718046

276452 jejorda2 the Peltast (level 20, -24/231 HPs)
             Began as a Merfolk Berserker on May 29, 2021.
             Was a High Priest of Trog.
             Killed from afar by a crystal guardian (45 damage)
             ... with a crystal bolt
             ... led by a peacekeeper
             ... on level 1 of the Vaults.
             The game lasted 02:31:24 (49875 turns).

jejorda2 the Peltast (Merfolk Berserker)           Turns: 49875, Time: 02:31:24

Health: -24/231    AC: 30    Str: 27    XL:     20   Next: 37%
Magic:  20/20      EV: 12    Int:  4    God:    Trog [*****.]
Gold:   3224       SH: 21    Dex: 15    Spells: 19/19 levels left

rFire    . . .     SeeInvis +   a - +0 double sword {vorpal, +Blink Str+2}
rCold    . . .     Faith    .   u - +0 kite shield
rNeg     . . .     Spirit   .   G - +8 plate armour of the Gloaming {Int-2 SInv Stlth+}
rPois    +         Reflect  +   k - +2 helmet
rElec    .         Harm     .   M - scarf {repulsion}
rCorr    .         Rampage  .   h - +0 pair of gloves
Will     +....                  v - +2 pair of boots {Fly}
Stlth    ..........             j - amulet of reflection
HPRegen  0.48/turn              T - ring of poison resistance
MPRegen  0.17/turn              f - +4 ring of slaying

@: berserking (expiring), flying, repel missiles, very quick
A: (nimble swimmer 2), mertail
}: 2/15 runes: barnacled, gossamer
a: Renounce Religion, Evoke Blink, Berserk, Trog's Hand, Brothers in Arms


You were on level 1 of the Vaults.
You worshipped Trog.
Trog was extremely pleased with you.
You visited 6 branches of the dungeon, and saw 32 of its levels.
You visited the Abyss 1 time.
You also visited: Gauntlet.

You collected 3873 gold pieces.
You spent 649 gold pieces at shops.

Inventory:

Hand Weapons
 a - the +0 double sword of Nuocoff (weapon) {vorpal, +Blink Str+2}
   (Trog gifted it to you on level 2 of the Spider Nest)

   It inflicts extra damage upon your enemies.
   It affects your strength (+2).
   It lets you blink.
 b - a +3 scimitar of flaming
 w - a +3 antimagic scimitar
Missiles
 q - 67 boomerangs (quivered)
 x - 13 throwing nets
 B - 3 datura-tipped darts
 H - 3 curare-tipped darts
 J - 108 poisoned darts
 O - 79 javelins
 Y - 10 silver javelins
Armour
 h - a +0 pair of gloves (worn)
 k - a +2 helmet (worn)
 u - a +0 kite shield (worn)
 v - a +2 pair of boots of flying (worn)
 G - the +8 plate armour of the Gloaming (worn) {Int-2 SInv Stlth+}
   (You found it in a Gauntlet)

   It affects your intelligence (-2).
   It lets you see invisible.
   It makes you more stealthy.
 M - a scarf of repulsion (worn)
Jewellery
 f - a +4 ring of slaying (right hand)
 j - an amulet of reflection (around neck)
 n - a ring of protection from fire
 E - a ring of protection from cold
 K - a ring of protection from cold
 P - a ring of resist corrosion
 T - a ring of poison resistance (left hand)
Wands
 c - a wand of polymorph (17)
 l - a wand of flame (46)
 D - a wand of acid (45)
 I - a wand of paralysis (17)
 S - a wand of iceblast (12)
 U - a wand of mindburst (35)
 W - a wand of digging (4)
 Z - a wand of charming (14)
Scrolls
 g - 4 scrolls of holy word
 m - 9 scrolls of fog
 o - 5 scrolls of fear
 r - 17 scrolls of teleportation
 t - 3 scrolls of silence
 y - 4 scrolls of blinking
 N - a scroll of magic mapping
 V - a scroll of enchant armour
Potions
 e - 3 potions of resistance
 i - 5 potions of cancellation
 s - 9 potions of lignification
 z - a potion of heal wounds
 A - 15 potions of ambrosia
 C - 11 potions of curing
 F - 3 potions of haste
 L - 4 potions of mutation
 Q - 3 potions of attraction
 X - 4 potions of invisibility
Miscellaneous
 p - a condenser vane
 R - a phial of floods


   Skills:
 + Level 12.5 Fighting
 - Level 16.0 Long Blades
 - Level 16.0 Throwing
 - Level 10.1 Armour
 - Level 10.0 Dodging
 - Level 3.0 Stealth
 * Level 18.5 Shields
 - Level 9.0 Evocations


You had 19 spell levels left.
You didn't know any spells.
Your spell library contained the following spells:

 Spells                   Type           Power      Damage    Failure   Level
 Stone Arrow              Conj/Erth      0%         3d7       100%        3
 Bolt of Magma            Conj/Fire/Erth 0%         4d4       100%        5


Dungeon Overview and Level Annotations

Branches:
Dungeon (15/15)            Temple (0/1) D:7            Lair (6/6) D:8
 Shoals (4/4) Lair:3       Spider (4/4) Lair:2        Slime (0/5) Lair:6
    Orc (2/2) D:10            Elf (0/3) Orc:2        Vaults (1/5) D:13
 Depths (0/5) D:15        Gauntlet (visited)

Altars:
Ashenzari
Cheibriados
Dithmenos
Hepliaklqana
Kikubaaqudgha
Nemelex Xobeh
Okawaru
Sif Muna
Trog
Vehumet
Wu Jian
Xom
Yredelemnul
The Shining One
Beogh
Jiyva

Shops:
D:1 :*[   Orc:2 ((((

Annotations:
D:6 Gold eels, exclusion: 2 doors
D:7 2 transporters, 3 runed translucent doors, flotson's ghost, novice GnDe; pcat's ghost, novice DECj
Lair:2 exclusion: electric eel
Lair:6 1 runed translucent door


Innate Abilities, Weirdness & Mutations

((You are quick and stealthy near water. (Stealth+, EV+, Speed+++)))
Your lower body shifts to a powerful aquatic tail in water.


Message History

You block the war gargoyle's attack.
You block the very large slime creature's attack.
You slice the very large slime creature!!
The very large slime creature is severely wounded.
You block the war gargoyle's attack.
You slice the very large slime creature!!
The very large slime creature is almost dead.
The very large slime creature hits you!!!
* * * LOW HITPOINT WARNING * * *
You slice the very large slime creature!!
You kill the very large slime creature!
Trog accepts your kill. The war gargoyle misses you.
You hit the war gargoyle but do no damage.
The war gargoyle is heavily damaged.
The war gargoyle launches metal splinters at you.
The spray of metal splinters hits you but does no damage.
You slice the war gargoyle!!
The war gargoyle is almost destroyed.
You slash the war gargoyle!
You destroy the war gargoyle!
Trog accepts your kill. The crystal guardian barely misses you.
You slice the crystal guardian!!
The crystal guardian is heavily damaged.
You hit the crystal guardian.
The crystal guardian is heavily damaged.
You block the crystal guardian's attack.
You hit the crystal guardian.
The crystal guardian is heavily damaged.
You hit the crystal guardian but do no damage.
The crystal guardian is heavily damaged.
You block the crystal guardian's attack.
You hit the crystal guardian but do no damage.
The crystal guardian is heavily damaged.
You slash the crystal guardian!
The crystal guardian is almost destroyed.
The crystal guardian fires a crystalline bolt at you.
The crystal bolt freezes you!!!
You die...

##.......## #.......[.
##.......## #.........
##.......# #.........
#####'#######.........
#......##.........
#......##.....####
#......##.....#
#......##.....#
#@.....##.....#
......8).....##.....#
......#......##.....#
.(....#......##.....####
..... #......##.....#...
..... #########.....#...
.... #.....#..8 ....
######.....#...
.....#.....#.8.


You could see a crystal guardian.

Vanquished Creatures
  Rupert (Orc:2)
  Jorgrun (D:15)
  Frances (D:13)
  Donald (Spider:1)
  Agnes (Spider:1)
  An azure jelly (shapeshifter) (D:13)
  Ilsuiw (Shoals:2)
  4 ghost moths
  2 orc warlords (Orc:2)
  8 emperor scorpions
  2 ironbound preservers (Vaults:1)
  2 war gargoyles (Vaults:1)
  A minotaur (Gauntlet)
  4 dire elephants
  3 entropy weavers
  A spark wasp (Spider:2)
  5 merfolk javelineers (Shoals:4)
  Snorg (D:11)
  A fire dragon (Lair:6)
  12 merfolk impalers
  A yaktaur captain (Vaults:1)
  3 ironbound thunderhulks (Vaults:1)
  6 boulder beetles
  Fannar (D:12)
  Harold (D:7)
  11 hydras
  A peacekeeper (Vaults:1)
  An ogre mage (D:11)
  2 ironbound frosthearts (Vaults:1)
  A catoblepas (D:13)
  8 centaur warriors
  9 two-headed ogres
  9 death yaks
  2 merfolk aquamancers (Shoals:4)
  5 merfolk avatars
  An alligator snapping turtle (Shoals:4)
  A satyr (Shoals:2)
  Urug (D:12)
  3 ironbound beastmasters (Vaults:1)
  Nergalle (D:11)
  An orc high priest (Orc:2)
  Sonja (Lair:1)
  4 skeletal warriors (D:12)
  8 deep trolls (Vaults:1)
  8 sea snakes
  7 wizards
  3 ironbound convokers (Vaults:1)
  A wolf spider zombie (D:15)
  18 harpies
  A deep elf zephyrmancer (D:15)
  10 orc knights
  2 lindwurms
  4 deep elf pyromancers
  19 orb spiders
  A necromancer (Gauntlet)
  4 orc sorcerers
  13 wolf spiders
  A moth of wrath (Spider:3)
  28 ugly things
  An oklob plant (Shoals:1)
  7 manticores
  8 fauns
  5 cyclopes
  7 elephants
  A guardian serpent (shapeshifter) (D:8)
  A merfolk siren (Shoals:4)
  6 water nymphs
  12 black mambas
  A vault sentinel (Vaults:1)
  A gargoyle (D:11)
  2 molten gargoyles (Lair:6)
  2 torpor snails
  Maggie (D:8)
  13 cane toads
  2 efreet (D:14)
  2 yaktaurs (Vaults:1)
  5 rime drakes
  7 komodo dragons
  2 tengu conjurers (D:14)
  14 demonic crawlers
  5 polar bears
  A queen bee (D:13)
  25 merfolk
  7 trolls
  30 jumping spiders
  3 meliai (D:13)
  4 wind drakes
  7 hornets
  30 blink frogs
  6 dream sheep (Lair:4)
  37 slime creatures
  11 snapping turtles
  3 centaur simulacra
  5 shadows
  22 tarantellas
  Eustachio (D:6)
  5 water elementals
  2 wraiths
  A vampire (D:12)
  8 wyverns
  72 redbacks
  9 basilisks
  41 yaks
  3 steam dragons (Lair:6)
  8 wargs
  2 vampire mosquitoes (D:13)
  Menkaure (D:6)
  Duvessa (D:6)
  2 acid dragons
  8 water moccasins
  Edmund (D:6)
  5 hell hounds (Lair:6)
  2 sky beasts (D:7)
  51 orc warriors
  7 black bears
  2 necrophages
  A phantom (D:3)
  15 wolves
  13 ogres
  14 centaurs
  3 kobold brigands
  13 bullfrogs
  A scorpion (D:6)
  A water moccasin zombie (D:6)
  2 wyvern skeletons
  Dowan (D:6)
  29 killer bees
  2 howler monkeys
  8 electric eels
  5 lava snakes (Lair:6)
  4 centaur zombies
  2 hounds (D:6)
  2 centaur skeletons
  A gnoll shaman (D:10)
  16 orc priests
  4 iguanas
  29 orc wizards
  A hound skeleton (D:4)
  A mummy (D:15)
  A howler monkey zombie (D:9)
  3 gnolls (D:10)
  2 adders
  3 white imps
  An ufetubus (D:5)
  2 worms (D:2)
  6 dart slugs
  107 orcs
  11 bats
  4 endoplasms
  4 giant cockroaches
  4 goblins
  7 hobgoblins
  4 jackals (D:1)
  3 quokkas
  6 ball pythons
  8 frilled lizards
  10 kobolds
  2 rats (D:2)
1139 creatures vanquished.

Vanquished Creatures (collateral kills)
  The ghost of robertstho the Eclecticist, an adept DjFE of Gozag (Shoals:3)
  An emperor scorpion (Spider:4)
  A merfolk impaler (Shoals:2)
  A skeletal warrior (D:12)
  An orc knight (Orc:2)
  A necromancer (D:15)
  An orb spider (Spider:4)
  A wolf spider (Spider:2)
  2 merfolk sirens (Shoals:2)
  A jumping spider (Spider:2)
  A centaur simulacrum (D:15)
  14 redbacks
  A tarantella (Spider:2)
  A steam dragon (D:9)
  3 orcs
31 creatures vanquished.

Vanquished Creatures (others)
  A wizard (Vaults:1)
  A moth of wrath (Spider:3)
  A snapping turtle (Shoals:4)
  An orc priest (Orc:2)
  An orc wizard (D:3)
  2 orcs
  22 fungi
  67 plants
96 creatures vanquished.

Grand Total: 1266 creatures vanquished

Notes
Turn   | Place    | Note
-------+----------+-------------------------------------------
     0 | D:1      | jejorda2 the Merfolk Berserker began the quest for the Orb.
     0 | D:1      | Reached XP level 1. HP: 18/18 MP: 1/1
    72 | D:1      | Reached XP level 2. HP: 24/24 MP: 2/2
   252 | D:1      | Reached XP level 3. HP: 27/29 MP: 3/3
   297 | D:1      | Found Pilli's Assorted Antiques.
   536 | D:1      | Reached ** piety under Trog
   664 | D:1      | Found Bushreng's Book Emporium.
   710 | D:1      | Found Hezahen's Armour Shop.
  1194 | D:2      | Reached XP level 4. HP: 36/37 MP: 4/4
  1542 | D:2      | Found a faded altar of an unknown god.
  1818 | D:3      | Noticed a phantom
  1825 | D:3      | Killed a phantom
  1826 | D:3      | Reached skill level 5 in Long Blades
  1826 | D:3      | Reached XP level 5. HP: 42/42 MP: 5/5
  2324 | D:3      | Found a shimmering blue altar of Sif Muna.
  2347 | D:3      | Identified Sif Muna's Compendium of the Snowflakes
  2447 | D:3      | Found a sparkling altar of Nemelex Xobeh.
  2788 | D:4      | Reached *** piety under Trog
  3069 | D:1      | Bought a +1 pair of boots of flying for 165 gold pieces
  3145 | D:5      | Entered Level 5 of the Dungeon
  3145 | D:5      | Found a shimmering altar of Xom.
  3145 | D:5      | Found an ornate altar of the Wu Jian Council.
  3145 | D:5      | Found a bloodstained altar of Trog.
  3162 | D:5      | Reached XP level 6. HP: 31/49 MP: 6/6
  3193 | D:5      | Found a shadowy altar of Dithmenos.
  3534 | D:5      | Reached skill level 1 in Shields
  3562 | D:5      | Reached XP level 7. HP: 55/55 MP: 7/7
  3577 | D:5      | Reached skill level 5 in Fighting
  3617 | D:5      | Identified the +8 short sword "Usatz" {freeze, rPois
                  | Will++}
  3811 | D:5      | Reached skill level 2 in Shields
  4131 | D:6      | Noticed Eustachio
  4144 | D:6      | Killed Eustachio
  4145 | D:6      | Reached XP level 8. HP: 62/62 MP: 8/8
  4248 | D:6      | Noticed Edmund
  4261 | D:6      | Killed Edmund
  4287 | D:5      | Noticed Dowan
  4288 | D:5      | Noticed Duvessa
  4323 | D:6      | Killed Dowan
  4324 | D:6      | Reached skill level 5 in Dodging
  4330 | D:6      | Killed Duvessa
  4331 | D:6      | Reached skill level 3 in Shields
  4411 | D:6      | Noticed Menkaure
  4424 | D:6      | Killed Menkaure
  5120 | D:6      | Reached XP level 9. HP: 63/69 MP: 9/9
  5259 | D:7      | Found a transporter.
  5259 | D:7      | Noticed flotson's ghost (novice GnDe)
  5283 | D:7      | Found a transporter.
  5321 | D:7      | Reached skill level 4 in Shields
  5533 | D:7      | Found a shimmering altar of Xom.
  5862 | D:7      | Found a runed translucent gate.
  5862 | D:7      | Found a runed translucent gate.
  5862 | D:7      | Found a runed translucent gate.
  5862 | D:7      | Noticed pcat's ghost (novice DECj)
  5863 | D:7      | Noticed Harold
  5864 | D:7      | Found a basalt altar of Yredelemnul.
  5909 | D:7      | Killed Harold
  5910 | D:7      | Reached skill level 10 in Long Blades
  5910 | D:7      | Reached skill level 5 in Shields
  5913 | D:7      | Reached skill level 5 in Armour
  6216 | D:7      | Found a staircase to the Ecumenical Temple.
  6565 | D:7      | Reached XP level 10. HP: 76/76 MP: 10/10
  6675 | D:7      | Found an iron altar of Okawaru.
  7119 | D:8      | Identified the +4 falchion of the Crawling Thing {freeze,
                  | *Slow rPois rC+ rN+ Dex+2}
  7451 | D:8      | Reached **** piety under Trog
  7493 | D:8      | Noticed a guardian serpent
  7502 | D:8      | Killed a guardian serpent
  7812 | D:8      | Found a large runed translucent door.
  7813 | D:8      | Found a large runed translucent door.
  7884 | D:8      | Noticed Maggie
  7902 | D:8      | Killed Maggie
  8154 | D:8      | Found a staircase to the Lair.
  8293 | D:8      | Found a broken altar of Ashenzari.
  8311 | D:8      | Found a hazy altar of Hepliaklqana.
  9767 | D:10     | Entered Level 10 of the Dungeon
 10016 | D:10     | Reached XP level 11. HP: 76/81 MP: 11/11
 10522 | D:10     | Noticed a two-headed ogre
 10532 | D:10     | Killed a two-headed ogre
 10817 | Lair:1   | Entered Level 1 of the Lair of Beasts
 11274 | Lair:1   | Noticed an eight-headed hydra
 11282 | Lair:1   | Killed a four-headed hydra
 11283 | Lair:1   | Reached skill level 6 in Shields
 11575 | Lair:1   | Noticed Sonja
 11579 | Lair:1   | Killed Sonja
 11580 | Lair:1   | Reached skill level 15 in Long Blades
 11733 | Lair:1   | Reached skill level 1 in Evocations
 11783 | Lair:1   | Reached XP level 12. HP: 88/88 MP: 12/12
 12108 | Lair:2   | Noticed a six-headed hydra
 12121 | Lair:2   | Killed a one-headed hydra
 12122 | Lair:2   | Reached skill level 7 in Shields
 12300 | Lair:2   | Found a hole to the Spider Nest.
 12471 | Lair:2   | Found a gate leading to a gauntlet.
 12485 | Gauntlet | Entered a Gauntlet
 12485 | Gauntlet | Found a transporter.
 12485 | Gauntlet | Found a large runed translucent door.
 12485 | Gauntlet | Found a large runed translucent door.
 12485 | Gauntlet | Found a large runed translucent door.
 12485 | Gauntlet | Found a large runed translucent door.
 12485 | Gauntlet | Found a large runed translucent door.
 12485 | Gauntlet | Found a large runed translucent door.
 12485 | Gauntlet | Found a runed translucent door.
 12485 | Gauntlet | Found a runed translucent door.
 12485 | Gauntlet | Found a large runed translucent door.
 12485 | Gauntlet | Found a large runed translucent door.
 12485 | Gauntlet | Found a large runed translucent door.
 12485 | Gauntlet | Found a large runed translucent door.
 12485 | Gauntlet | Found a large runed translucent door.
 12485 | Gauntlet | Found a large runed translucent door.
 12578 | Gauntlet | Noticed a balrug
 12582 | Gauntlet | Found a transporter.
 12602 | Gauntlet | Found a transporter.
 12606 | Gauntlet | Found a transporter.
 12635 | Gauntlet | Found a transporter.
 12640 | Gauntlet | Noticed a seven-headed hydra
 12651 | Gauntlet | Found a transporter.
 12665 | Gauntlet | Found a transporter.
 12668 | Gauntlet | Noticed a dire elephant
 12697 | Gauntlet | Noticed a death yak
 12698 | Gauntlet | Noticed a death yak
 12699 | Gauntlet | Noticed a death yak
 12700 | Gauntlet | Found a transporter.
 12700 | Gauntlet | Found a transporter.
 12701 | Gauntlet | Found a runed translucent door.
 12701 | Gauntlet | Noticed a death yak
 12706 | Gauntlet | Found a transporter.
 12717 | Gauntlet | Found a runed translucent door.
 12727 | Gauntlet | Found a large runed translucent door.
 12727 | Gauntlet | Found a large runed translucent door.
 12728 | Gauntlet | Found a runed translucent gate.
 12738 | Gauntlet | Found a transporter.
 12738 | Gauntlet | Found a runed translucent gate.
 12738 | Gauntlet | Found a transporter.
 12739 | Gauntlet | Found a runed translucent gate.
 12766 | Gauntlet | Noticed a hell beast
 12769 | Gauntlet | Found a large runed translucent door.
 12769 | Gauntlet | Found a large runed translucent door.
 12886 | Gauntlet | Killed a death yak
 12924 | Gauntlet | Identified the +0 pair of boots of Altruism {Str+4 Dex-2
                  | Stlth+}
 12929 | Gauntlet | Identified the +8 plate armour of the Gloaming {Int-2 SInv
                  | Stlth+}
 12952 | Gauntlet | Killed a death yak
 12953 | Gauntlet | Reached skill level 8 in Shields
 12954 | Gauntlet | Killed a death yak
 13250 | Gauntlet | Reached skill level 5 in Evocations
 13259 | Gauntlet | Killed a dire elephant
 13273 | Gauntlet | Identified the +9 shortbow of Discretion {speed, rPois
                  | Will+ Str+4}
 13327 | Gauntlet | Noticed a minotaur
 13328 | Gauntlet | Found the +3 salamander hide armour {Flames rF++ rC--}
 13342 | Gauntlet | Killed a minotaur
 13343 | Gauntlet | Reached skill level 9 in Shields
 13351 | Gauntlet | Identified the Papyrus of Clay
 13879 | Lair:2   | Reached XP level 13. HP: 88/94 MP: 13/13
 14337 | Lair:3   | Reached skill level 10 in Shields
 14686 | Lair:3   | Found a staircase to the Shoals.
 15422 | D:1      | Bought a scroll labelled HIMEUM KOUSO for 25 gold pieces
 15422 | D:1      | Acquired 645 gold pieces
 15883 | Lair:4   | Reached skill level 11 in Shields
 16248 | Lair:4   | Reached ***** piety under Trog
 17255 | Lair:5   | Reached skill level 12 in Shields
 18051 | Lair:6   | Entered Level 6 of the Lair of Beasts
 18087 | Lair:6   | Found a runed translucent door.
 18087 | Lair:6   | Found a viscous altar of Jiyva.
 18087 | Lair:6   | Noticed an acid blob
 18088 | Lair:6   | Found a staircase to the Slime Pits.
 18088 | Lair:6   | Noticed an acid blob
 18201 | Lair:6   | Reached XP level 14. HP: 107/108 MP: 14/14
 18208 | Lair:6   | Reached skill level 1 in Throwing
 18449 | Lair:6   | Reached skill level 13 in Shields
 19099 | Lair:6   | Reached skill level 10 in Fighting
 19263 | Lair:6   | Received a gift from Trog
 19735 | Lair:6   | Found a large runed translucent door.
 19953 | Lair:6   | Found a large runed translucent door.
 20383 | Lair:6   | Reached skill level 14 in Shields
 21124 | D:10     | Found a staircase to the Orcish Mines.
 21228 | Orc:1    | Entered Level 1 of the Orcish Mines
 21395 | D:10     | Reached skill level 5 in Throwing
 21609 | Orc:1    | Received a gift from Trog
 21967 | Orc:2    | Entered Level 2 of the Orcish Mines
 22521 | Orc:2    | Noticed Rupert
 22538 | Orc:2    | Killed Rupert
 22817 | Orc:2    | Reached XP level 15. HP: 109/115 MP: 15/15
 23020 | Orc:2    | Received a gift from Trog
 23083 | Orc:2    | Noticed an orc warlord
 23097 | Orc:2    | Killed an orc warlord
 23510 | Orc:2    | Reached skill level 15 in Shields
 24033 | Orc:2    | Found a staircase to the Elven Halls.
 24157 | Orc:2    | Found Giwudemo's Weapon Boutique.
 24157 | Orc:2    | Found Baogiek's Antique Weapon Emporium.
 24503 | Orc:2    | Found Borihab's Weapon Boutique.
 24503 | Orc:2    | Found Evueth Yhee's Weapon Emporium.
 24550 | Orc:2    | Bought a +1 demon blade of venom for 325 gold pieces
 24590 | Orc:1    | Noticed an orc warlord
 24671 | Orc:2    | Killed an orc warlord
 24918 | Orc:2    | Paralysed by an orc sorcerer for 4 turns
 25869 | D:11     | Noticed Nergalle
 25885 | D:11     | Killed Nergalle
 26021 | D:11     | Received a gift from Trog
 26210 | D:11     | Noticed Snorg
 26265 | D:11     | Killed Snorg
 26620 | D:11     | Identified the ring of Kynwiat {EV+4 Int+3 Dex+8 Slay-5}
 26844 | D:12     | Noticed Urug
 27739 | D:12     | Noticed Fannar
 27753 | D:12     | Killed Fannar
 27891 | D:12     | Killed Urug
 28143 | Orc:2    | Bought 4 silver javelins for 134 gold pieces
 28564 | D:13     | Reached skill level 10 in Armour
 28564 | D:13     | Reached XP level 16. HP: 122/122 MP: 16/16
 28844 | D:13     | Found a gate to the Vaults.
 28857 | D:13     | Reached XP level 17. HP: 128/128 MP: 17/17
 28893 | D:13     | Noticed Frances
 28917 | D:13     | Killed Frances
 29512 | D:13     | Received a gift from Trog
 29536 | D:13     | Reached skill level 10 in Throwing
 29973 | D:14     | Found an ancient bone altar of Kikubaaqudgha.
 31121 | D:15     | Entered Level 15 of the Dungeon
 31228 | D:15     | Noticed Jorgrun
 31242 | D:15     | Killed Jorgrun
 31321 | D:15     | Found a radiant altar of Vehumet.
 32023 | D:15     | Cast into level 2 of the Abyss (a wizard)
 32056 | D:15     | Escaped the Abyss
 32101 | D:15     | Found a staircase to the Depths.
 32605 | D:15     | Found a snail-covered altar of Cheibriados.
 32974 | Shoals:1 | Entered Level 1 of the Shoals
 33097 | Lair:3   | Reached skill level 10 in Dodging
 33316 | Shoals:1 | Found a glowing golden altar of the Shining One.
 34837 | Shoals:2 | Reached XP level 18. HP: 130/134 MP: 18/18
 34887 | Shoals:2 | Noticed Ilsuiw
 34904 | Shoals:2 | Received a gift from Trog
 34933 | Shoals:2 | Killed Ilsuiw
 36337 | Shoals:3 | Found a runed translucent door.
 36392 | Shoals:3 | Noticed robertstho's ghost (adept DjFE)
 37158 | Shoals:3 | Killed robertstho's ghost
 37164 | Shoals:3 | Identified the ring "Olasmut" {Wiz rN+}
 37180 | Shoals:4 | Entered Level 4 of the Shoals
 38386 | Shoals:4 | Reached skill level 15 in Throwing
 38776 | Shoals:4 | Got a barnacled rune of Zot
 39099 | Shoals:4 | Identified the +2 short sword "Tedas" {venom, rN+ Str-4
                  | Int+3}
 39526 | Spider:1 | Entered Level 1 of the Spider Nest
 39964 | Spider:1 | Noticed Donald
 39981 | Spider:1 | Killed Donald
 39996 | Spider:1 | Reached skill level 16 in Shields
 39999 | Spider:1 | Noticed Agnes
 40019 | Spider:1 | Killed Agnes
 40512 | Spider:2 | Identified the +0 double sword of Nuocoff {vorpal, +Blink
                  | Str+2} (Trog gifted it to you on level 2 of the Spider
                  | Nest)
 40512 | Spider:2 | Received a gift from Trog
 40765 | Spider:2 | Reached XP level 19. HP: 140/140 MP: 19/19
 40939 | Spider:2 | Identified the +0 helmet of Daisies {Will+ Regen+ Str-5}
 41119 | Spider:2 | You are sucked into a shaft and drop 1 floor!
 42713 | Spider:3 | Reached skill level 1 in Stealth
 44059 | Spider:4 | Entered Level 4 of the Spider Nest
 44578 | Spider:3 | Reached ****** piety under Trog
 44578 | Spider:3 | Received a gift from Trog
 45007 | Spider:3 | Reached skill level 17 in Shields
 46447 | Spider:4 | Identified the +3 trident "Iqul" {vorpal, *Slow rPois rN+}
                  | (Trog gifted it to you on level 4 of the Spider Nest)
 46447 | Spider:4 | Received a gift from Trog
 46619 | Spider:4 | Got a gossamer rune of Zot
 46951 | Vaults:1 | Entered Level 1 of the Vaults
 47902 | Vaults:1 | Reached XP level 20. HP: 152/152 MP: 6/20
 48234 | Vaults:1 | Reached skill level 18 in Shields
 48695 | Vaults:1 | Received a gift from Trog
 49875 | Vaults:1 | Killed from afar by a crystal guardian

Illustrated notes

Levels and vault maps discovered:
D:1:      sevenhm_arrival_forest_fort_small_3, layout_loops_ring, serial_shops,
          shop, nicolae_shop_behind_doors, shop_coins,
          hangedman_decor_clover_reticule, amethyst_killhole
D:2:      layout_basic, ebering_ecumenical_altar_rust
D:3:      layout_basic, led_sif_book, lemuel_coloured_pillars_altar,
          bh_walls_and_bars
D:4:      layout_rooms
D:5:      layout_basic, grunt_temple_overflow_open, uniq_duvessa
D:6:      cheibrodos_two_vegetables, layout_gridville, uniq_eustachio,
          uniq_edmund, uniq_menkaure
D:7:      layout_loops_ring, nicolae_overflow_hidden_temple,
          nicolae_yredelemnul_ghost_church, temple_doors_e,
          gammafunk_ghost_mausoleum, minmay_ruined_shrine, uniq_harold
D:8:      layout_loops_cross, jmf_multi_god_temple2, lair_entry_dummy,
          kennysheep_just_a_vault, uniq_maggie
D:9:      layout_basic, serial_rivers, chequers_serial_rivers_micro_c,
          chequers_serial_rivers_large_b, chequers_serial_rivers_micro_b,
          chequers_serial_rivers_room_b
D:10:     minmay_evil_eye, layout_rooms, erik_orc_2
D:11:     layout_loops_ring, uniq_snorg, uniq_nergalle
D:12:     layout_basic, uniq_fannar, uniq_urug
D:13:     layout_roguey [special_room_bee], david_vaults_1, minmay_lizard_king,
          uniq_frances
D:14:     layout_gridville, minmay_misc_feat_diagonals,
          kiku_gazebo_garden_becter
D:15:     grunt_enter_depths_magical_seal, layout_loops_corners,
          vehumet_crystals, slow_altar_2, uniq_jorgrun
Lair:1:   beast_lair_carwin_large_2, layout_chaotic_city,
          infiniplex_staircase_pool_2, uniq_sonja
Lair:2:   layout_cellular_growth, dummy_spider_entry, gauntlet_entry_generic,
          serial_bayou, serial_bayou_ford_a, serial_bayou_pond_d,
          serial_bayou_shore_b, serial_bayou_pond_a, serial_bayou_shore_b,
          serial_bayou_crossing, grunt_megastairs_4, infiniplex_staircase_pool
Lair:3:   layout_loops_ring, shoals_dummy_entry, chequers_serial_rivers_large_a,
          serial_bayou_shore_b, grunt_megastairs_1, lemuel_fruit_tree
Lair:4:   layout_gridlike, beast_lair_carwin_3
Lair:5:   layout_loops_ring, grunt_megastairs_3, serial_bayou_shore_b
Lair:6:   cheibrodos_lair_end_hotspot, layout_cave_pods, slime_altar_2
Shoals:1: layout_shoals, lemuel_oklob_altar
Shoals:2: layout_shoals, uniq_ilsuiw
Shoals:3: layout_shoals, ebering_ghost_reflecting_pool
Shoals:4: shoals_end_hangedman, layout_shoals, shoal_ilsuiw,
          nicolae_shoals_stone_sculpture_thing
Spider:1: layout_spider_delve, uniq_donald, uniq_agnes
Spider:2: nicolae_spider_hilbert_zone_3 [nicolae_spider_hilbert_4_sides_2_open,
          nicolae_spider_hilbert_3_sides_1_open,
          nicolae_spider_hilbert_3_sides_1_open,
          nicolae_spider_hilbert_3_sides_1_open,
          nicolae_spider_hilbert_3_sides_1_open,
          nicolae_spider_hilbert_4_sides_1_open,
          nicolae_spider_hilbert_4_sides_1_open,
          nicolae_spider_hilbert_4_sides_1_open,
          nicolae_spider_hilbert_4_sides_1_open,
          nicolae_spider_hilbert_4_sides_1_open,
          nicolae_spider_hilbert_4_sides_1_open,
          nicolae_spider_hilbert_4_sides_1_open,
          nicolae_spider_hilbert_4_sides_1_open,
          nicolae_spider_hilbert_3_sides_1_open,
          nicolae_spider_hilbert_3_sides_1_open,
          nicolae_spider_hilbert_3_sides_1_open,
          nicolae_spider_hilbert_3_sides_1_open], guppyfry_spider_mini_3
Spider:3: layout_chambers, nicolae_spider_not_touching_you
Spider:4: grunt_spider_rune_circles, spiders_nest_ghost_moth_duel
Orc:1:    layout_caves, basic_altar
Orc:2:    st_orc_town, layout_caves, basic_altar, rock_pile, uniq_rupert
Vaults:1: nicolae_vaults_ring_of_whatevers, v_rooms_6, v_misc_2,
          hangedman_vaults_nails, hangedman_vaults_trim, v_misc_1,
          nicolae_vaults_meeting, vaults_room_fours, ontoclasm_vaults_shuriken,
          nicolae_vaults_back_hallway, nicolae_vaults_big_angled_halls,
          vaults_dpeg_hooks, layout_vaults_ring

Skill      XL: |  1  2  3  4  5  6  7  8  9 10 11 12 13 14 15 16 17 18 19 20 |
---------------+-------------------------------------------------------------+-----
Long Blades    | 4 5 6 8 10 13 15 16 | 16.0
Armour         | 2 3 5 6 10 | 10.1
Fighting       | 4 5 6 9 10 11 12 | 12.5
Dodging        | 3 4 5 6 10 | 10.0
Shields        | 1 2 3 5 6 9 12 14 15 16 17 18 | 18.5
Evocations     | 1 6 8 9 |  9.0
Throwing       | 5 8 9 13 16 | 16.0
Stealth        | 3 |  3.0

Action                   |  1- 3 |  4- 6 |  7- 9 | 10-12 | 13-15 | 16-18 | 19-21 || total
-------------------------+-------+-------+-------+-------+-------+-------+-------++-------
Melee: Falchion          |   105 |   140 |   379 |   597 |   665 |       |       ||  1886
       Short sword       |       |       |    13 |     9 |       |       |       ||    22
       Scimitar          |       |       |       |       |   623 |    63 |    35 ||   721
       Demon blade       |       |       |       |       |   348 |  1368 |       ||  1716
       Double sword      |       |       |       |       |       |    17 |   764 ||   781
Throw: Dart              |       |       |       |     4 |    10 |    10 |     9 ||    33
       Throwing net      |       |       |       |     1 |       |       |       ||     1
       Boomerang         |       |       |       |       |    51 |   158 |   300 ||   509
Invok: Berserk           |     1 |     3 |     7 |    14 |    11 |    15 |     4 ||    55
       Trog's Hand       |       |     1 |     4 |     9 |     6 |    11 |       ||    31
       Brothers in Arms  |       |       |       |     3 |     2 |     6 |     1 ||    12
Evoke: Wand              |       |       |       |     4 |     5 |     2 |       ||    11
       Phantom mirror    |       |       |       |       |     1 |       |       ||     1
       Phial of floods   |       |       |       |       |       |       |     1 ||     1
  Use: Scroll            |       |     9 |     6 |     9 |     6 |     3 |       ||    33
       Potion            |       |       |       |     3 |     1 |     2 |       ||     6
 Stab: Held in net/web   |       |       |       |     1 |       |       |     1 ||     2
       Petrified         |       |       |       |       |       |     9 |       ||     9
       Distracted        |       |       |       |       |       |     1 |       ||     1
Armor: Animal skin       |     5 |       |       |       |       |       |       ||     5
       Ring mail         |    43 |    54 |   125 |   123 |       |       |       ||   345
       Chain mail        |       |    14 |       |       |       |       |       ||    14
       Plate armour      |       |       |       |    17 |   399 |   469 |   305 ||  1190
Dodge: Dodged            |    79 |    90 |   146 |   146 |   188 |   373 |   228 ||  1250
       Repelled          |       |       |       |       |     6 |     1 |     2 ||     9
Block: Buckler           |       |    12 |   174 |   181 |       |       |       ||   367
       Reflection        |       |     2 |     2 |     8 |    31 |    31 |     4 ||    78
       Kite shield       |       |       |       |    24 |  1053 |  1092 |   721 ||  2890
       Rpst.: Falchion   |    25 |    28 |    42 |    40 |    19 |       |       ||   154
       Scimitar          |       |       |       |       |    17 |     2 |     2 ||    21
       Demon blade       |       |       |       |       |     9 |    61 |       ||    70
       Double sword      |       |       |       |       |       |     1 |    36 ||    37

Table legend: (Time is in decaauts)
 A = Elapsed time spent in this place.
 B = Non-inter-level travel time spent in this place.
 C = Inter-level travel time spent in this place.
 D = Time resting spent in this place.
 E = Time spent auto-exploring this place.
 F = Levels seen in this place.
 G = Mean time per level.
                   A        B        C        D        E       F      G
               +--------+--------+--------+--------+--------+-----+--------+
         Total |  47519 |  44244 |   3275 |   6263 |  29216 |  34 | 1397.6 |
       Dungeon |  19020 |  17401 |   1619 |   1965 |  12404 |  15 | 1268.0 |
          Lair |   9114 |   8380 |    734 |    722 |   6042 |   6 | 1519.0 |
        Shoals |   5106 |   4825 |    281 |    675 |   2826 |   4 | 1276.5 |
   Spider Nest |   6784 |   6377 |    407 |    717 |   4435 |   4 | 1696.0 |
  Orcish Mines |   4012 |   3827 |    185 |   1170 |   1807 |   2 | 2006.0 |
        Vaults |   2593 |   2546 |     47 |    742 |   1387 |   1 | 2593.0 |
         Abyss |     45 |     45 |      0 |      1 |      0 |   1 |   45.0 |
      Gauntlet |    843 |    843 |      0 |    267 |    313 |   1 |  843.0 |
               +--------+--------+--------+--------+--------+-----+--------+

Top non-repeatable levels by time:
Spider:3: 2868 daAuts
Vaults:1: 2593 daAuts
  Lair:6: 2547 daAuts
   Orc:2: 2225 daAuts
     D:7: 2038 daAuts
    D:10: 1859 daAuts
Shoals:4: 1841 daAuts
Spider:2: 1826 daAuts
   Orc:1: 1786 daAuts
    D:13: 1723 daAuts
  Lair:2: 1577 daAuts
    D:15: 1499 daAuts
  Lair:1: 1478 daAuts
Spider:4: 1445 daAuts
     D:9: 1444 daAuts
